cohdb
Replays
Latest Replays
All Replays
Popular Replays
Top Player Replays
Match Explorer
How It Works
Community
CoH3 Stats
Reddit
Sign in to upload your games and track your stats! →
Sign in with Steam
Match 39457174
Unlisted
Match 39457174
Overview
Messages
Build Orders
End
Royal Engineer Section
Royal Engineer Section
Construct Section Command Post
Selects Canadian Shock Battlegroup
Infantry Section
Infantry Section
Selects Attacking Spirit
Selects Canadian Shock Section
Construct Platoon Command Post
Humber Armored Car
Selects Incendiary Munitions
Canadian Shock Section
Construct Company Command Post
Crusader II Medium Tank
Construct Field Infirmary
Selects Pyrotechnics
Selects Demolition Engineering
Crusader II Medium Tank
Grenade Package
Unlock M3 Grant Medium Tanks
Selects Smoke Operation
M3 Grant Medium Tank
Smoke Operation
ši£ėñ±4²5
PayPerPaper
0
0
Comments
sign in to comment!
No comments posted yet!